Workbook

Sheet MONTHLY
A2: Paid In | E2: Paid Out
A3: Date | B3: Description | C3: Amount | E3: Date | F3: Description | G3: Amount
A4: JANUARY | B4: Month End Total Credits | C4: =JANUARY!C23 -> 2696.5 | E4: JANUARY | F4: Month End Total debits | G4: =JANUARY!G23 -> 855
A5: FEBRUARY | B5: Month End Total Credits | C5: =FEBRUARY!C25 -> 1394 | E5: FEBRUARY | F5: Month End Total debits | G5: =FEBRUARY!G25 -> 3929.81
A6: MARCH | B6: Month End Total Credits | C6: =MARCH!C27 -> 1484 | E6: MARCH | F6: Month End Total debits | G6: =MARCH!G27 -> 2654.37
A7: APRIL | B7: Month End Total Credits | C7: =APRIL!C30 -> 1789 | E7: APRIL | F7: Month End Total debits | G7: =APRIL!G30 -> 2835.74
A8: MAY | B8: Month End Total Credits | C8: =MAY!C30 -> 1817 | E8: MAY | F8: Month End Total debits | G8: =MAY!G30 -> 855
A9: JUNE | B9: Month End Total Credits | C9: =JUNE!C31 -> 1897 | E9: JUNE | F9: Month End Total debits | G9: =JUNE!G31 -> 2857.45
A10: JULY | B10: Month End Total Credits | C10: =JULY!C31 -> 766 | E10: JULY | F10: Month End Total debits | G10: =JULY!G31 -> 0
A11: AUGUST | B11: Month End Total Credits | C11: =AUGUST!C30 -> 1178.44 | E11: AUGUST | F11: Month End Total debits | G11: =AUGUST!G30 -> 150
A12: SEPTEMBER | B12: Month End Total Credits | C12: =SEPTEMBER!C31 -> 2431.5 | E12: SEPTEMBER | F12: Month End Total debits | G12: =SEPTEMBER!G31 -> 1892
A13: OCTOBER | B13: Month End Total Credits | C13: =OCTOBER!C31 -> 588.6 | E13: OCTOBER | F13: Month End Total debits | G13: =OCTOBER!G31 -> 1895.51
A14: NOVEMBER | B14: Month End Total Credits | C14: =NOVEMBER!C31 -> 918.4 | E14: NOVEMBER | F14: Month End Total debits | G14: =NOVEMBER!G31 -> 450
A15: DECEMBER | B15: Month End Total Credits | C15: =DECEMBER!C31 -> 3288 | E15: DECEMBER | F15: Month End Total debits | G15: =DECEMBER!G31 -> 1638.56
C23: =SUM(C4:C22) -> 20248.44 | G23: =SUM(G4:G22) -> 20013.44
C25: PETTY CASH BALANCE | D25: =C23-G23 -> 235

Sheet JANUARY
A2: Paid In | E2: Paid Out
A3: Date | B3: Description | C3: Amount | E3: Date | F3: Description | G3: Amount
A4: January | B4: MMA S/O | C4: 320 | E4: January | F4: Rent | G4: 545
A5: January | B5: Karate S/O | C5: 430 | E5: January | F5: Gas | G5: 240
A6: January | B6: Pads, kit etc | C6: 144.5 | E6: January | F6: Electricity | G6: 70
A7: January | B7: Pads, kit etc | C7: 127
A8: January | B8: Awards for all - Grant to be used for rent and equipment | C8: 1320
A9: January | B9: Competition entry | C9: 110
A10: January | B10: Karate cash payments | C10: 245
C23: =SUM(C4:C22) -> 2696.5 | G23: =SUM(G4:G22) -> 855
C25: BALANCE | D25: =C23-G23 -> 1841.5

Sheet FEBRUARY
A2: Paid In | E2: Paid Out
A3: Date | B3: Description | C3: Amount | E3: Date | F3: Description | G3: Amount
A4: February | B4: Karate Standing orders | C4: 528 | E4: February | F4: Rent | G4: 545
A5: February | B5: MMA standing Orders | C5: 360 | E5: February | F5: Gas | G5: 240
A6: February | B6: Competition entry | C6: 40 | E6: February | F6: Electricity | G6: 70
A7: February | B7: Pads, Gi etc | C7: 216 | E7: February | F7: Boiler - Charles | G7: 904.97
A8: February | B8: Karate cash payment | C8: 250 | E8: February | F8: Amazon - 1st Aid | G8: 28.47
E9: February | F9: JCK Sports | G9: 384.82
E10: February | F10: Slovakia Entry | G10: 99.79
E11: February | F11: Tracksuit | G11: 50
E12: February | F12: Name Droppers | G12: 345.6
E13: February | F13: Blitz | G13: 174.76
E14: February | F14: Name Droppers | G14: 26.4
E15: February | F15: MND sponsor money | G15: 250
E16: February | F16: Christmas Presents | G16: 810
C25: =SUM(C4:C24) -> 1394 | G25: =SUM(G4:G24) -> 3929.81
C27: BALANCE | D27: =C25-G25 -> -2535.81

Sheet MARCH
A2: Paid In | E2: Paid Out
A3: Date | B3: Description | C3: Amount | E3: Date | F3: Description | G3: Amount
A4: March | B4: Karate Standing order | C4: 464 | E4: March | F4: Rent | G4: 545
A5: March | B5: MMA standing order | C5: 300 | E5: March | F5: Gas | G5: 240
A6: March | B6: Karate cash payments | C6: 270 | E6: March | F6: Electric | G6: 70
A7: March | B7: Gi, pads etc | C7: 230 | E7: March | F7: Easter Eggs | G7: 14.7
A8: March | B8: Competition entry | C8: 220 | E8: March | F8: JCK Sports | G8: 62.02
E9: March | F9: Bookers | G9: 103.2
E10: March | F10: Boiler - Charles | G10: 392.53
E11: March | F11: Easter eggs | G11: 107.8
E12: March | F12: The Range frame | G12: 14.98
E13: March | F13: Penrith entry | G13: 350
E14: March | F14: Trophy |Store | G14: 161.58
E15: March | F15: Physio Room - equipment | G15: 79.5
E16: March | F16: Workout 4 Less - bands | G16: 141.93
E17: March | F17: Made 4 fighters - weights | G17: 25.5
E18: March | F18: JCK sports | G18: 171.4
E19: March | F19: Blitz | G19: 174.23
C27: =SUM(C4:C26) -> 1484 | G27: =SUM(G4:G26) -> 2654.37
C29: BALANCE | D29: =C27-G27 -> -1170.37

Sheet APRIL
A2: Paid In | E2: Paid Out
A3: Date | B3: Description | C3: Amount | E3: Date | F3: Description | G3: Amount
A4: April | B4: MMA Standing Orders | C4: 300 | E4: April | F4: Rent | G4: 545
A5: April | B5: Karate Standing orders | C5: 360 | E5: April | F5: Gas | G5: 240
A6: April | B6: Karate cash payments | C6: 130 | E6: April | F6: Electricity | G6: 70
A7: April | B7: Gi, pads etc | C7: 124 | E7: April | F7: Refund J>Smith payment sent in error | G7: 150
A8: April | B8: Competition entry | C8: 100 | E8: April | F8: jck SPORTS | G8: 344.2
A9: April | B9: Groundwork UK - running costs for gym | C9: 500 | E9: April | F9: skgb ENTRIES | G9: 60
A10: April | B10: Gi, pads etc | C10: 125 | E10: April | F10: Gomples cleaning | G10: 86.13
A11: April | B11: J Smith | C11: 150 | E11: April | F11: Bookers | G11: 172.31
E12: April | F12: SKGB membership | G12: 300
E13: April | F13: jck SPORTS | G13: 62
E14: April | F14: British entry | G14: 120
E15: April | F15: Blitz | G15: 188.53
E16: April | F16: Insurance | G16: 497.57
C30: =SUM(C4:C29) -> 1789 | G30: =SUM(G4:G29) -> 2835.74
C32: BALANCE | D32: =C30-G30 -> -1046.74

Sheet MAY
A2: Paid In | E2: Paid Out
A3: Date | B3: Description | C3: Amount | E3: Date | F3: Description | G3: Amount
A4: May | B4: MMA Standing orders | C4: 270 | E4: May | F4: Rent | G4: 545
A5: May | B5: Karate Standing orders | C5: 491 | E5: May | F5: Gas | G5: 240
A6: May | B6: Grading | C6: 120 | E6: May | F6: Electricity | G6: 70
A7: May | B7: Gi,pads etc | C7: 411
A8: May | B8: Licence | C8: 95
A9: May | B9: Karate Cash payments | C9: 240
B10: Cowdenbeath Community Council fund - to be used for equipment | C10: 190
C30: =SUM(C4:C29) -> 1817 | G30: =SUM(G4:G29) -> 855
C32: BALANCE | D32: =C30-G30 -> 962

Sheet JUNE
A2: Paid In | E2: Paid Out
A3: Date | B3: Description | C3: Amount | E3: Date | F3: Description | G3: Amount
A4: June | B4: MMA Standing orders | C4: 190 | E4: June | F4: Rent | G4: 545
A5: June | B5: Karate Standing Orders | C5: 502 | E5: June | F5: Gas | G5: 134
A6: June | B6: Grading | C6: 330 | E6: June | F6: Electricity | G6: 50
A7: June | B7: Gi, pads etc | C7: 665 | E7: June | F7: Blitz | G7: 169.27
A8: June | B8: Competition enty fee | C8: 60 | E8: June | F8: Blitz | G8: 84.5
A9: June | B9: Karate Cash payments | C9: 150 | E9: June | F9: Name Droppers | G9: 415.2
E10: June | F10: Soffia Entry | G10: 78.54
E11: June | F11: MMA entry Fee | G11: 60
E12: June | F12: Bookers | G12: 252.25
E13: June | F13: Penrith Entries | G13: 240
E14: June | F14: JCK sports | G14: 224
E15: June | F15: HX Cup entry | G15: 50
E16: June | F16: SKGB entry | G16: 260
E17: June | F17: JCK sports | G17: 186.4
E18: June | F18: Name Droppers | G18: 37
E19: June | F19: Bookers | G19: 71.29
C31: =SUM(C4:C30) -> 1897 | G31: =SUM(G4:G30) -> 2857.45
C33: BALANCE | D33: =C31-G31 -> -960.45

Sheet JULY
A2: Paid In | E2: Paid Out
A3: Date | B3: Description | C3: Amount | E3: Date | F3: Description | G3: Amount
A4: July | B4: MMA Standing order | C4: 170 | E4: July | F4: Rent | G4: 0
A5: July | B5: Karate Standing order | C5: 380 | E5: July | F5: Gas | G5: 0
A6: July | B6: GI, pads etc | C6: 196 | E6: July | F6: Electricity | G6: 0
A7: July | B7: Karate cash payments | C7: 20
C31: =SUM(C4:C30) -> 766 | G31: =SUM(G4:G30) -> 0
C33: BALANCE | D33: =C31-G31 -> 766

Sheet AUGUST
A2: Paid In | E2: Paid Out
A3: Date | B3: Description | C3: Amount | E3: Date | F3: Description | G3: Amount
A4: August | B4: MMA Standing orders | C4: 60 | E4: August | F4: Rent | G4: 150
A5: August | B5: Karate Standing Orders | C5: 504 | E5: August | F5: Gas | G5: 0
A6: August | B6: Karate cash payments | C6: 100 | E6: August | F6: Electricity | G6: 0
A7: August | B7: Gas refund | C7: 514.44
C30: =SUM(C4:C29) -> 1178.44 | G30: =SUM(G4:G29) -> 150
C32: BALANCE | D32: =C30-G30 -> 1028.44

Sheet SEPTEMBER
A2: Paid In | E2: Paid Out
A3: Date | B3: Description | C3: Amount | E3: Date | F3: Description | G3: Amount
A4: September | B4: MMA Standing orders | C4: 0 | E4: September | F4: Rent | G4: 1200
A5: September | B5: Karate Standing orders | C5: 419 | E5: September | F5: Gas | G5: 0
A6: September | B6: Competition entry | C6: 165 | E6: September | F6: Electricity | G6: 0
A7: September | B7: Gi's, pads etc | C7: 77.5 | E7: September | F7: British Entry | G7: 90
A8: September | B8: Licence | C8: 150 | E8: September | F8: Halfords - Mats | G8: 132
A9: September | B9: Karate cash payments | C9: 120 | E9: September | F9: Flowers Billy Funeral | G9: 98
A10: September | B10: Sponsorship for Marathon | C10: 1500 | E10: September | F10: JCK Sports | G10: 372
C31: =SUM(C4:C30) -> 2431.5 | G31: =SUM(G4:G30) -> 1892
C33: BALANCE | D33: =C31-G31 -> 539.5

Sheet OCTOBER
A2: Paid In | E2: Paid Out
A3: Date | B3: Description | C3: Amount | E3: Date | F3: Description | G3: Amount
A4: October | B4: MMA Standing Order | C4: 30 | E4: October | F4: Rent | G4: 400
A5: October | B5: Karate Standing Order | C5: 388.6 | E5: October | F5: Gas | G5: 0
A6: October | B6: Karate cash payments | C6: 170 | E6: October | F6: Electricity | G6: 50
E7: October | F7: SKGB entry | G7: 220
E8: October | F8: Halfords Mats | G8: 220
E9: October | F9: B&Q Mats | G9: 418
E10: October | F10: Gomples - cleaning/first aid | G10: 71.48
E11: October | F11: Vantage Signs | G11: 108
E12: October | F12: Blitz | G12: 254.28
E13: October | F13: Banner | G13: 55
E14: October | F14: Poppy Shop | G14: 19.99
E15: October | F15: Bookers Halloween | G15: 58.76
E16: October | F16: Amazon Halloween | G16: 20
C31: =SUM(C4:C30) -> 588.6 | G31: =SUM(G4:G30) -> 1895.51
C33: BALANCE | D33: =C31-G31 -> -1306.91

Sheet NOVEMBER
A2: Paid In | E2: Paid Out
A3: Date | B3: Description | C3: Amount | E3: Date | F3: Description | G3: Amount
A4: November | B4: MMA Standing order | C4: 145 | E4: November | F4: Rent | G4: 400
A5: November | B5: Karate Standing order | C5: 283.4 | E5: November | F5: Gas | G5: 0
A6: November | B6: Licence | C6: 60 | E6: November | F6: Electricity | G6: 50
A7: November | B7: Competition | C7: 60
A8: November | B8: Licence | C8: 100
A9: November | B9: Kit | C9: 120
A10: November | B10: Karate cash payments | C10: 150
C31: =SUM(C4:C30) -> 918.4 | G31: =SUM(G4:G30) -> 450
C33: BALANCE | D33: =C31-G31 -> 468.4

Sheet DECEMBER
A2: Paid In | E2: Paid Out
A3: Date | B3: Description | C3: Amount | E3: Date | F3: Description | G3: Amount
A4: December | B4: MMA Standing order | C4: 140 | E4: December | F4: Rent | G4: 400
A5: December | B5: Karate Standing Order | C5: 608 | E5: December | F5: Gas | G5: 675.91
A6: December | B6: Gi, pads etc | C6: 115 | E6: December | F6: Electricity | G6: 60
A7: December | B7: Grading | C7: 90 | E7: December | F7: Bookers | G7: 59.03
A8: December | B8: Licence | C8: 90 | E8: December | F8: JCK Sports | G8: 46.22
A9: December | B9: Competition Entry | C9: 100 | E9: December | F9: JCK Sports | G9: 397.4
A10: December | B10: Karate cash payments | C10: 145
A11: December | B11: Funeral Collection Billy Hanafin | C11: 2000
C31: =SUM(C4:C30) -> 3288 | G31: =SUM(G4:G30) -> 1638.56
C33: BALANCE | D33: =C31-G31 -> 1649.44

Sheet Sheet2

Sheet Sheet1
